 Dungeon Crawl Stone Soup version 0.29-a0-834-g1e95ca9f62 (webtiles) character file.

Game seed: 13491763651070211424

742 kevlar127 the Ruffian (level 7, 0/108 HPs)
             Began as a Troll Berserker on July 13, 2022.
             Was a Believer of Trog.
             Slain by a gnoll bouda
             ... wielding a +0 whip
              (6 damage)
             ... on level 5 of the Dungeon.
             The game lasted 00:05:07 (2918 turns).

kevlar127 the Ruffian (Troll Berserker)             Turns: 2918, Time: 00:05:07

Health: 0/108      AC:  4    Str: 28    XL:     7   Next: 47%
Magic:  6/6        EV: 10    Int:  3    God:    Trog [**....]
Gold:   256        SH:  0    Dex:  9    Spells: 6/6 levels left

rFire   . . .      SeeInvis .     - Unarmed
rCold   . . .      Faith    .   (no shield)
rNeg    . . .      Spirit   .   a - +0 animal skin
rPois   .          Reflect  .   (helmet restricted)
rElec   .          Harm     .   (no cloak)
rCorr   +          Rampage  .   (gloves unavailable)
Will    +++..                   (boots unavailable)
Stlth   ..........              g - amulet of the acrobat
HPRegen 2.08/turn               q - ring of willpower
MPRegen 0.10/turn               u - ring of resist corrosion

@: berserking (expiring), weakened, strong-willed, regenerating, very quick
A: large, unfitting armour, claws 3, regeneration 1, shaggy fur 1, tough skin 1
a: Renounce Religion, Berserk, Trog's Hand


You were on level 5 of the Dungeon.
You worshipped Trog.
Trog was pleased with you.
You visited 1 branch of the dungeon, and saw 5 of its levels.

You collected 256 gold pieces.

Inventory:

Missiles
 b - 37 stones (quivered)
 t - 3 poisoned darts
 w - 2 boomerangs
Armour
 a - a +0 animal skin (worn)
Jewellery
 g - an amulet of the acrobat (around neck)
 q - a ring of willpower (left claw)
 r - a +6 ring of dexterity
 u - a ring of resist corrosion (right claw)
Scrolls
 d - 4 scrolls of enchant armour {unknown}
 f - 5 scrolls of identify {unknown}
 k - a scroll of teleportation {unknown}
 l - a scroll of silence {unknown}
 m - a scroll of noise {unknown}
 o - a scroll of vulnerability {unknown}
 x - a scroll of amnesia {unknown}
Potions
 c - a potion of brilliance {unknown}
 e - a potion of mutation {unknown}
 h - a potion of invisibility {unknown}
 i - a potion of lignification {unknown}
 j - a potion of resistance {unknown}
 n - 3 potions of heal wounds {unknown}
 p - a potion of berserk rage {unknown}
 s - a potion of attraction {unknown}
 v - a potion of haste {unknown}


   Skills:
 + Level 5.3 Fighting
 + Level 1.7 Throwing
 - Level 2.4 Dodging
 + Level 6.4 Unarmed Combat


You had 6 spell levels left.
You didn't know any spells.
Your spell library was empty.

Dungeon Overview and Level Annotations

Branches:
Dungeon (5/15)
 Temple: D:4-7

Altars:
Cheibriados


Innate Abilities, Weirdness & Mutations

You are too large for most types of armour.
You have claws for hands.
Your natural rate of healing is unusually fast.
You are covered in fur. (AC +1)
You have tough skin. (AC +1)


Message History

A red film seems to cover your vision as you go berserk!
You feel yourself moving faster!
You feel mighty!
The gnoll hits you from afar with a +0 spear.
* * * LOW HITPOINT WARNING * * *
The gnoll closely misses you.
The gnoll bouda gazes fiercely through you!
You feel your attacks grow feeble.
The gnoll bouda hits you with a +0 whip!
* * * LOW HITPOINT WARNING * * *
The gnoll hits you from afar with a +0 spear.
* * * LOW HITPOINT WARNING * * *
The gnoll bouda hits you with a +0 club.
* * * LOW HITPOINT WARNING * * *
The gnoll bouda attacks as you move away!
The gnoll bouda barely misses you.
You feel a strong urge to attack something.
You claw the gnoll!
You kill the gnoll!
Trog accepts your kill.
You claw the gnoll bouda!
The gnoll bouda is severely wounded.
You scratch the gnoll bouda.
You kill the gnoll bouda!
Trog accepts your kill. The gnoll hits you with a +0 flail!
* * * LOW HITPOINT WARNING * * *
You closely miss the gnoll. You claw the gnoll!
You kill the gnoll!
Trog accepts your kill.
The gnoll is no longer moving quickly.
The gnoll misses you.
The gnoll bouda barks out a call to the hunt!
The gnoll picks up the pace!
The iguana misses you. The gnoll closely misses you.
Items here: ))) ††.
You claw the gnoll bouda!
The gnoll bouda is almost dead.
The gnoll closely misses you. x2
The gnoll bouda hits you with a +0 whip.
You die...

# ### #. ..# ##.
######.# #... ... ..#
###...##.# #.#
#....gg#.###.#
#....gg@)....######
.....!l#..........###
#.....######.####...#
#..... #.# #...#
####. #.####...####
#. ..#.........# #
###.........#
#.........#
##.#...####


You could see a gnoll bouda (swift), an iguana and 3 gnolls.

Vanquished Creatures
  Sigmund (D:2)
  2 black bears
  A scorpion (D:4)
  2 hounds (D:4)
  A jelly (D:5)
  A gnoll bouda (D:5)
  4 iguanas
  4 gnolls
  3 adders
  An ufetubus (D:4)
  3 worms
  2 dart slugs
  3 bats
  2 endoplasms (D:1)
  A giant cockroach (D:4)
  7 goblins
  5 hobgoblins
  4 jackals (D:4)
  3 kobolds
  2 quokkas (D:1)
  4 ball pythons
  4 frilled lizards
  3 rats
63 creatures vanquished.

Notes
Turn   | Place    | Note
-------+----------+-------------------------------------------
     0 | D:1      | kevlar127 the Troll Berserker began the quest for the Orb.
     0 | D:1      | Reached XP level 1. HP: 22/22 MP: 0/0
   165 | D:1      | Reached XP level 2. HP: 29/29 MP: 1/1
   436 | D:1      | Reached XP level 3. HP: 35/37 MP: 2/2
   561 | D:1      | Found a faded altar of an unknown god.
  1111 | D:2      | Noticed Sigmund
  1119 | D:2      | Killed Sigmund
  1120 | D:2      | Reached skill level 4 in Unarmed Combat
  1120 | D:2      | Reached XP level 4. HP: 35/48 MP: 3/3
  1120 | D:2      | Reached XP level 5. HP: 39/54 MP: 4/4
  1167 | D:2      | Identified the +2 dagger of Jeysiagg {venom, rC- Will+
                  | Str+5 Dex+3}
  1180 | D:2      | Reached ** piety under Trog
  1219 | D:2      | Reached skill level 5 in Unarmed Combat
  1635 | D:3      | Found Irira's Weapon Shop.
  2082 | D:4      | Reached XP level 6. HP: 62/62 MP: 5/5
  2626 | D:5      | Entered Level 5 of the Dungeon
  2674 | D:5      | Found a snail-covered altar of Cheibriados.
  2717 | D:5      | Reached skill level 5 in Fighting
  2717 | D:5      | Reached skill level 6 in Unarmed Combat
  2717 | D:5      | Reached XP level 7. HP: 72/72 MP: 6/6
  2721 | D:5      | Reached skill level 1 in Throwing
  2910 | D:5      | HP: 3/108 [gnoll bouda/+0 club (4)]
  2918 | D:5      | Slain by a gnoll bouda

Illustrated notes

Levels and vault maps discovered:
D:1:      minmay_arrival_nine_rooms, layout_basic, shapermc_ecumenical_altar_gd,
          serial_glass, glass_columns_c, glass_columns_a, glass_columns_a,
          glass_columns_a
D:2:      layout_loops_cross, uniq_sigmund
D:3:      layout_basic, serial_shops, nicolae_shop_bloodbath_and_beyond
D:4:      layout_loops_ring
D:5:      layout_loops_corners, mainiacjoe_overflow_boulevard,
          mainiacjoe_overflow_paths

Skill      XL: |  1  2  3  4  5  6  7 |
---------------+----------------------+-----
Fighting       | 3 4 5 |  5.3
Unarmed Combat | 4 5 6 |  6.4
Throwing       | 1 |  1.7
Dodging        | |  2.4

Action                   |  1- 3 |  4- 6 |  7- 9 || total
-------------------------+-------+-------+-------++-------
Melee: Unarmed           |    69 |    78 |    26 ||   173
       Punch             |     1 |     1 |       ||     2
Invok: Berserk           |       |       |     1 ||     1
       Trog's Hand       |       |       |     1 ||     1
Armor: Animal skin       |    15 |    21 |       ||    36
Dodge: Dodged            |    32 |    56 |    19 ||   107

Table legend: (Time is in decaauts)
 A = Elapsed time spent in this place.
 B = Non-inter-level travel time spent in this place.
 C = Inter-level travel time spent in this place.
 D = Time resting spent in this place.
 E = Time spent auto-exploring this place.
 F = Levels seen in this place.
 G = Mean time per level.
                   A        B        C        D        E       F      G
               +--------+--------+--------+--------+--------+-----+--------+
         Total |   2897 |   2800 |     97 |      0 |   2391 |   5 |  579.4 |
       Dungeon |   2897 |   2800 |     97 |      0 |   2391 |   5 |  579.4 |
               +--------+--------+--------+--------+--------+-----+--------+

Top non-repeatable levels by time:
     D:1: 749 daAuts
     D:3: 698 daAuts
     D:2: 582 daAuts
     D:4: 580 daAuts
     D:5: 286 daAuts
